 Dungeon Crawl Stone Soup version 0.25-a0-44-g29a1220a87 (webtiles) character file.

Game seed: 7760464288481318698, levelgen mode: deterministic

15976 iamserjio the Nimble (level 12, -12/55 HPs)
             Began as a Felid Chaos Knight on Oct 25, 2019.
             Was a Plaything of Xom.
             Mangled by a minotaur (14 damage)
             ... on level 3 of the Lair of Beasts.
             The game lasted 00:51:18 (26674 turns).

iamserjio the Nimble (Felid Chaos Knight)          Turns: 26674, Time: 00:51:18

Health: -12/55     AC:  9    Str:  6 (9)  XL:     12   Next: 6%
Magic:  20/24      EV: 31    Int: 19 (22) God:    Xom [.*....]
Gold:   831        SH:  2    Dex: 21 (23) Spells: 5/23 levels left
                                        Lives:  0   Deaths: 3

rFire    . . .     SeeInvis +     - Unarmed
rCold    + + .     Gourm    .   (shield unavailable)
rNeg     . . .     Faith    .   (armour unavailable)
rPois    +         Spirit   .   (helmet unavailable)
rElec    .         Reflect  +   (cloak unavailable)
rCorr    +         Harm     .   (gloves unavailable)
MR       +++..                  (boots unavailable)
Stlth    +++.......             H - amulet of Nuczapok {Reflect +Inv +Fly rC- Int+5 SH+2}
HPRegen  0.18/turn              F - ring of stealth
MPRegen  0.19/turn              p - ring of Fohecih {rPois rC+ rCorr Dex+3}

@: flying, very slightly contaminated, quick
A: very small, no armour, no weapons or thrown items, stealth, claws 1, fangs 3,
icy blue scales 1, molten scales 1, thin metallic scales 1, see invisible, agile
2, carnivore, cold resistance 1, deterioration 2, speed 1, high mp 1, magic
resistance 2, mutation resistance 1, poison resistance, shaggy fur 3, slow
metabolism 1, wild magic 1, sharp paws
a: Renounce Religion, Evoke Invisibility


You were on level 3 of the Lair of Beasts.
You worshipped Xom.
You were a plaything of Xom.
You were very full.

You visited 3 branches of the dungeon, and saw 17 of its levels.

You collected 2283 gold pieces.
You spent 1452 gold pieces at shops.

Inventory:

Missiles
 g - 235 arrows
Jewellery
 b - an uncursed amulet of the acrobat
 o - an uncursed ring of fire
 p - the ring of Fohecih (right paw) {rPois rC+ rCorr Dex+3}
   (You acquired it on level 2 of the Lair of Beasts)

   [ring of resist corrosion]

   It affects your dexterity (+3).
   It protects you from cold.
   It protects you from poison.
   It provides partial protection from all sources of acid and corrosion.
 r - an uncursed ring of protection from cold
 F - a ring of stealth (left paw)
 H - the amulet of Nuczapok (around neck) {Reflect +Inv +Fly rC- Int+5 SH+2}
   (You bought it in a shop on level 2 of the Orcish Mines)

   [amulet of reflection]

   It shields you and reflects attacks.
   It affects your intelligence (+5).
   It makes you vulnerable to cold.
   It lets you turn invisible.
   It lets you fly.
   It affects your SH (+2).
 I - an uncursed ring of fire
 K - an uncursed amulet of guardian spirit {unknown}
 O - a cursed ring of attention {unknown}
Wands
 d - a wand of digging (5)
 f - a wand of enslavement (8)
 w - a wand of flame (13)
 J - a wand of polymorph (13)
 P - a wand of scattershot (3)
Scrolls
 e - 6 scrolls of fog
 h - 2 scrolls of teleportation {@r3}
 i - 8 scrolls of enchant weapon
 l - 7 scrolls of blinking
 m - 6 scrolls of remove curse {@r2}
 u - 3 scrolls of amnesia
 y - 2 scrolls of brand weapon
 z - a scroll of summoning
 A - 2 scrolls of fear
 D - a scroll of silence
 E - 3 scrolls of torment
 L - a scroll of enchant armour {unknown}
 N - a scroll of immolation
 R - a scroll of identify {@r1}
Potions
 c - 2 potions of flight
 j - 4 potions of degeneration
 n - a potion of brilliance
 q - 2 potions of heal wounds
 s - a potion of might
 t - a potion of agility
 v - 4 potions of ambrosia
 x - 4 potions of lignification {unknown}
 B - a potion of invisibility {unknown}
 C - a potion of magic
 G - a potion of resistance {unknown}
 Q - a potion of mutation
Miscellaneous
 k - a box of beasts
 M - a lamp of fire (inert)
Comestibles
 a - 34 rations


   Skills:
 - Level 8.0 Fighting
 - Level 13.0 Dodging
 - Level 2.0 Stealth
 * Level 11.7 Unarmed Combat
 - Level 6.0 Spellcasting
 + Level 9.3 Hexes
 - Level 2.0 Transmutations
 - Level 3.0 Earth Magic
 - Level 12.0 Evocations


You had 5 spell levels left.
You knew the following spells:

 Your Spells              Type           Power        Failure   Level  Hunger
a - Confusing Touch       Hex            ######       1%          1    None
b - Petrify               Tmut/Erth      ###.....     45%         4    ####...
c - Yara's Violent Unrav  Hex/Tmut       #####.....   38%         5    #####..
d - Confuse               Hex            ######..     1%          3    ##.....
e - Metabolic Englaciati  Hex/Ice        ####......   52%         5    #####..

Your spell library contained the following spells:

 Spells                   Type           Power        Failure   Level  Hunger
 Gell's Gravitas          Tloc           #.........   41%         3    ##.....


Dungeon Overview and Level Annotations

Branches:
Dungeon (12/15)            Temple (0/1) D:4            Lair (3/6) D:8
  Snake (0/4) Lair:2          Orc (2/2) D:11            Elf (0/3) Orc:2
  Swamp: Lair:2-4    Shoals: Lair:2-4

Altars:
Dithmenos
Gozag
Nemelex Xobeh
Xom
Beogh

Shops:
Orc:2 [%*?

Annotations:
D:8 exclusion: ice statue
Lair:1 exclusion: hydra
Orc:1 exclusion: ettin


Innate Abilities, Weirdness & Mutations

You cannot wear armour.
You are incapable of wielding weapons or throwing items.
Your paws allow you to move quietly. (Stealth)
You have sharp claws.
You have razor-sharp teeth.
You have supernaturally acute eyesight. (SInv)
You are carnivorous and can eat meat at any time.
You cover ground quickly.
Your thick and shaggy fur keeps you warm. (AC +3, rC+)
You have a slow metabolism.
Your sharp claws are effective at attacking unaware monsters.
You are partially covered in icy blue scales. (AC +2)
You are partially covered in molten scales. (AC +2)
You are partially covered in thin metallic scales. (AC +2)
You are very agile. (Dex +4)
Your flesh is cold resistant. (rC+)
Your body often deteriorates upon taking damage.
You have an increased reservoir of magic. (+10% MP)
You are highly resistant to hostile enchantments. (MR++)
You are somewhat resistant to further mutation.
Your system is resistant to poisons. (rPois)
Your spells are a little harder to cast, but a little more powerful.


Message History

The minotaur resists with almost no effort.
Casting: Confuse (safe; 1% risk of failure)
Aiming: Confuse (safe; 1% risk of failure)
Aim: a death yak (heavily wounded, chance to defeat MR: 11%)
The minotaur resists with almost no effort. "This might be better!"
The death yak seems to slow down.
You open the door.
There is an open door here.
You feel very buoyant.
You fly up into the air.
The death yak is no longer moving slowly.
The minotaur hits you!!
Ouch! That really hurt!
* * * LOW HITPOINT WARNING * * *
Your body deteriorates!
You feel weakened.
A shower of butterflies erupts from you!
The minotaur gores you!
You die...
Xom bursts into laughter!

........##
.#.#.....#
..###...##
.........## ######
...##†..#.###...P#
...........#....##
....PPP.P....Y.bP##
..#.........YY.H.b#
.###P.P#...#####@b#
.##...##...#≈≈b≈###
......#....#..b≈#
..#........#.(.≈#
..###...##.#...≈#
..# ########...≈#
..# ##P####'#####
..# #........## .##
##......#.#


You could see a minotaur and 3 death yaks.

Vanquished Creatures
  2 hydras
  3 death yaks
  Urug (Orc:2)
  An unseen horror (D:11)
  An orc knight (Orc:2)
  An orc sorcerer (Orc:1)
  2 cyclopes
  Maurice (D:8)
  10 elephants (Lair:3)
  A black mamba (Lair:3)
  3 spiny frogs
  A rime drake (Lair:2)
  5 komodo dragons
  3 trolls
  A jumping spider (Orc:1)
  3 blink frogs (Lair:3)
  2 hippogriffs
  9 yaks
  A wyvern (Lair:2)
  Grum (D:8)
  A steam dragon (D:8)
  5 wargs (Orc:1)
  2 insubstantial wisps
  3 water moccasins
  4 porcupines
  A swamp drake (D:7)
  35 orc warriors
  5 sky beasts
  A phantom (D:8)
  2 black bears
  An eye of draining (Lair:1)
  2 ogres
  9 wolves
  3 centaurs
  5 crocodiles
  A big kobold (D:8)
  12 bullfrogs
  5 scorpions
  A water moccasin skeleton (D:7)
  19 killer bees
  3 wights (D:11)
  An electric eel (Lair:3)
  4 crimson imps
  3 jellies
  A quasit (D:9)
  3 orc priests
  A bullfrog zombie (D:9)
  2 hounds
  3 centaur skeletons
  3 centaur zombies
  2 bullfrog skeletons
  A gnoll shaman (D:9)
  Ijyb (D:4)
  Natasha (thrice) (D:3)
  4 iguanas
  16 orc wizards
  8 worker ants
  A hound skeleton (D:8)
  A worker ant zombie (D:9)
  10 gnolls
  15 adders
  A howler monkey skeleton (D:11)
  A shadow imp (D:11)
  An ooze (D:2)
  2 adder zombies
  5 worms
  4 dart slugs
  A leopard gecko (D:6)
  81 orcs
  5 giant cockroaches
  11 goblins
  8 hobgoblins
  11 jackals
  8 kobolds
  5 quokkas
  6 bats
  4 frilled lizards
  2 leopard gecko skeletons
  A quokka skeleton (D:7)
  A quokka zombie (D:5)
  5 rats
  A plant (Lair:2)
419 creatures vanquished.

Vanquished Creatures (collateral kills)
  A quicksilver dragon (Lair:3)
  An entropy weaver (Lair:2)
  2 orc knights (Orc:1)
  An orc sorcerer (Orc:1)
  A spiny frog (Lair:3)
  Grinder (D:4)
  A warg (Orc:2)
  2 orc warriors
  An ogre (Orc:1)
  An orc priest (D:3)
  A gnoll shaman (Orc:1)
  2 orc wizards
  4 gnolls (Orc:1)
  6 orcs
  A hobgoblin (D:3)
  A frilled lizard (D:1)
27 creatures vanquished.

Vanquished Creatures (others)
  2 orc warriors (Orc:2)
  An orc wizard (D:3)
  A leopard gecko (D:3)
  An orc (Orc:1)
  A kobold (D:3)
  2 bushes (Lair:3)
  19 fungi
  22 plants
49 creatures vanquished.

Grand Total: 495 creatures vanquished

Notes
Turn   | Place    | Note
-------+----------+-------------------------------------------
     0 | D:1      | iamserjio the Felid Chaos Knight began the quest for the
                  | Orb.
     0 | D:1      | Reached XP level 1. HP: 10/10 MP: 2/2
   288 | D:1      | XOM: cast spell 'Call Canine Familiar'
   293 | D:1      | XOM: harmless Air miscast
   647 | D:1      | Reached XP level 2. HP: 14/14 MP: 3/3
   846 | D:1      | XOM: silly message
   950 | D:1      | XOM: harmless Erth miscast
  1236 | D:2      | XOM: harmless Hex miscast
  1347 | D:2      | XOM: blink monster(s)
  1370 | D:3      | Reached skill level 4 in Dodging
  1370 | D:3      | Reached XP level 3. HP: 14/17 MP: 4/4
  1415 | D:3      | XOM: cloud trail
  1553 | D:2      | XOM: god gift: 49 gold pieces
  1560 | D:2      | Reached XP level 4. HP: 16/21 MP: 5/5
  1609 | D:2      | XOM: 2-stop teleportation journey
  1876 | D:2      | XOM: cloud trail
  2054 | D:2      | XOM: 2-stop teleportation journey
  2242 | D:1      | XOM is BORED!
  2242 | D:1      | XOM: stat loss: -3 Dex (12/15)
  2390 | D:2      | XOM: god gift: 17 stones
  2411 | D:2      | XOM: smoke on damage
  2620 | D:2      | XOM: polymorph worm -> iguana
  2634 | D:2      | Reached skill level 5 in Unarmed Combat
  2675 | D:2      | Reached XP level 5. HP: 13/24 MP: 6/6
  2898 | D:2      | XOM: scenery: create altars
  2904 | D:2      | XOM: god gift: glowing shield {god gift}
  2987 | D:2      | XOM: cloud trail
  3062 | D:3      | Reached skill level 5 in Dodging
  3147 | D:2      | XOM: god gift: box of beasts
  3267 | D:3      | Noticed Natasha
  3278 | D:3      | Killed Natasha
  3567 | D:3      | Gained mutation: You are covered in thick fur. (AC +2)
                  | [Felid growth]
  3567 | D:3      | Reached XP level 6. HP: 22/28 MP: 7/7
  3813 | D:3      | XOM: give mutations
  3813 | D:3      | Gained mutation: You are robust. (+10% HP) [Xom's grace]
  3813 | D:3      | Gained mutation: You are surrounded by a mild repulsion
                  | field. (EV +2) [Xom's grace]
  3813 | D:3      | Gained mutation: Your thick and shaggy fur keeps you warm.
                  | (AC +3, rC+) [Xom's grace]
  3813 | D:3      | Gained mutation: You are partially covered in thin metallic
                  | scales. (AC +2) [Xom's grace]
  3852 | D:3      | XOM: give mutation
  3852 | D:3      | Gained mutation: Your system is resistant to poisons.
                  | (rPois) [Xom's grace]
  3992 | D:3      | XOM: destruction
  4054 | D:3      | XOM: god gift: fine arbalest {god gift}
  4399 | D:3      | XOM is BORED!
  4399 | D:3      | XOM: summons 3 hostile demons
  4400 | D:3      | Noticed a sixfirhy
  4400 | D:3      | Noticed a smoke demon
  4420 | D:3      | Slain by a sixfirhy
  4421 | D:3      | Reached XP level 5. HP: -3/26 MP: 6/6
  4464 | D:3      | XOM: polymorph hobgoblin -> frilled lizard
  4488 | D:3      | Noticed Natasha
  4492 | D:3      | XOM: cleaving
  4503 | D:3      | Killed Natasha
  4598 | D:3      | Noticed Natasha
  4607 | D:3      | Killed Natasha
  4717 | D:3      | XOM: scenery: create altars
  4775 | D:3      | XOM: mild Tloc miscast
  4880 | D:4      | Noticed Grinder
  4880 | D:4      | Noticed Ijyb
  4887 | D:4      | XOM: summons 5 friendly demons
  4903 | D:4      | Killed Grinder
  4903 | D:4      | Reached skill level 6 in Dodging
  4903 | D:4      | Reached XP level 6. HP: 28/30 MP: 7/7
  4921 | D:4      | Killed Ijyb
  4962 | D:4      | Found a staircase to the Ecumenical Temple.
  4985 | D:4      | XOM: mild Fire miscast
  5286 | D:4      | XOM: harmless Necr miscast
  5366 | D:4      | XOM: mild Ice miscast
  5376 | D:4      | Reached XP level 7. HP: 30/34 MP: 8/8
  5388 | D:4      | Reached skill level 7 in Dodging
  5521 | D:5      | Entered Level 5 of the Dungeon
  5550 | D:5      | XOM: 3-stop teleportation journey
  5574 | D:5      | XOM: 3-stop teleportation journey
  5863 | D:5      | Reached skill level 1 in Evocations
  5891 | D:5      | XOM: harmless Hex miscast
  6402 | D:6      | XOM: harmless Tloc miscast
  6772 | D:6      | XOM: scenery: create altars
  6871 | D:6      | XOM: butterfly on damage
  6877 | D:6      | Reached XP level 8. HP: 30/39 MP: 10/10
  7530 | D:7      | XOM: smoke on damage
  7748 | D:7      | XOM: polymorph gnoll sergeant -> swamp drake
  7749 | D:7      | Reached skill level 8 in Dodging
  8109 | D:7      | XOM: 7-stop teleportation journey
  8436 | D:8      | XOM: silly message
  8536 | D:8      | Noticed a hippogriff
  8541 | D:8      | XOM: enchant monster (bad)
  8561 | D:7      | XOM: divination: magic mapping
  8565 | D:7      | XOM: confuse monster(s)
  8572 | D:7      | Killed a hippogriff
  8783 | D:7      | XOM: cast spell 'Summon Dragon'
  8794 | D:7      | XOM: harmless Ice miscast
  9144 | D:8      | Reached XP level 9. HP: 44/44 MP: 11/13
  9153 | D:8      | XOM: mild Erth miscast
  9181 | D:8      | Reached skill level 5 in Fighting
  9193 | D:8      | XOM: confuse monster(s)
  9213 | D:8      | XOM: blink monster(s)
  9250 | D:8      | Reached skill level 9 in Dodging
  9401 | D:8      | Noticed an ice statue
  9514 | D:8      | Noticed Grum
  9549 | D:8      | XOM: divination: detect creatures
  9697 | D:8      | Killed Grum
  9697 | D:8      | Reached skill level 10 in Unarmed Combat
  9697 | D:8      | Reached skill level 5 in Evocations
  9788 | D:8      | XOM: 6-stop teleportation journey
  9949 | D:8      | XOM: cleaving
 10036 | D:8      | XOM: scenery: 2 doors close
 10202 | D:8      | XOM: scenery: 1 doors open, 1 doors close
 10228 | D:8      | XOM: god gift: 50 gold pieces
 10364 | D:8      | Found a staircase to the Lair.
 10685 | D:8      | XOM: destruction
 10688 | D:8      | Noticed Maurice
 10851 | D:7      | Reached skill level 10 in Dodging
 10851 | D:7      | Reached XP level 10. HP: 49/49 MP: 14/14
 11006 | D:8      | XOM: god gift: troll leather armour {god gift}
 11088 | D:8      | XOM: 2-stop teleportation journey
 11181 | D:8      | XOM: scenery: 3 doors close
 11717 | D:8      | Found a staircase to the Lair.
 11770 | D:8      | Killed Maurice
 11785 | D:8      | XOM: give mutations
 11785 | D:8      | Gained mutation: Your body sometimes deteriorates upon
                  | taking damage. [Xom's mischief]
 11785 | D:8      | Gained mutation: Your body often deteriorates upon taking
                  | damage. [Xom's mischief]
 11785 | D:8      | Lost mutation: You are robust. (+10% HP) [Xom's mischief]
 11906 | D:9      | Found a sparkling altar of Nemelex Xobeh.
 12477 | D:9      | XOM: silly message
 12478 | D:9      | Reached skill level 1 in Spellcasting
 12646 | D:9      | XOM: severe Ice miscast
 12742 | D:9      | XOM: enchant monster (good)
 13105 | D:10     | XOM: stealth player
 13105 | D:10     | Entered Level 10 of the Dungeon
 13333 | D:10     | Learned a level 1 spell: Confusing Touch
 13338 | D:10     | Learned a level 4 spell: Petrify
 13344 | D:10     | Learned a level 5 spell: Yara's Violent Unravelling
 13348 | D:10     | Learned a level 3 spell: Confuse
 13369 | D:10     | Reached skill level 11 in Dodging
 13379 | D:10     | XOM: swap monsters
 13381 | D:10     | Reached skill level 1 in Hexes
 13385 | D:10     | Reached skill level 1 in Transmutations
 13386 | D:10     | XOM: scenery: create altars
 13431 | D:10     | XOM: medium Tloc miscast
 13433 | D:10     | XOM: enchant monster (good)
 13445 | D:10     | Reached skill level 1 in Earth Magic
 13671 | D:10     | XOM: summons friendly crimson imp
 13766 | D:10     | Found a shadowy altar of Dithmenos.
 13776 | D:10     | Noticed a catoblepas
 14398 | D:11     | XOM: mild Tloc miscast
 14449 | D:11     | XOM: 1-stop teleportation journey
 14537 | D:11     | Noticed an unseen horror
 14545 | D:11     | XOM: blink monster(s)
 14553 | D:11     | Killed an unseen horror
 14553 | D:11     | Reached XP level 11. HP: 39/50 MP: 15/17
 14707 | D:11     | XOM: harmless Tmut miscast
 14788 | D:11     | Reached skill level 5 in Hexes
 14882 | D:11     | XOM: fog
 14962 | D:11     | Found a staircase to the Orcish Mines.
 15172 | D:11     | XOM: god gift: glowing scale mail {god gift}
 15187 | D:11     | XOM: cleaving
 15304 | D:12     | Noticed a six-headed hydra
 15347 | Orc:1    | Entered Level 1 of the Orcish Mines
 15353 | Orc:1    | Noticed an orc sorcerer
 15366 | Orc:1    | XOM: cast spell 'Summon Horrible Things'
 15371 | Orc:1    | Killed an orc sorcerer
 15452 | Orc:1    | XOM: give mutations
 15452 | Orc:1    | Gained mutation: You are partially covered in molten
                  | scales. (AC +2) [Xom's grace]
 15452 | Orc:1    | Gained mutation: You are somewhat resistant to further
                  | mutation. [Xom's grace]
 15452 | Orc:1    | Gained mutation: You are agile. (Dex +2) [Xom's grace]
 15452 | Orc:1    | Gained mutation: You are resistant to hostile enchantments.
                  | (MR+) [Xom's grace]
 15549 | Orc:1    | XOM: 1-stop teleportation journey
 15584 | Orc:1    | Noticed an orc sorcerer
 15603 | Orc:1    | Reached skill level 1 in Stealth
 15608 | Orc:1    | XOM: god gift: plate armour {god gift}
 15638 | Orc:1    | Noticed an ettin
 15676 | Orc:1    | XOM: summons friendly crimson imp
 15683 | Orc:1    | Killed an orc sorcerer
 15787 | Orc:1    | XOM: god gift: ration
 15832 | Orc:2    | Entered Level 2 of the Orcish Mines
 15865 | Orc:2    | Noticed Urug
 16214 | Orc:2    | XOM: summons friendly ufetubus
 16214 | Orc:2    | XOM: smoke on damage
 16303 | Orc:1    | XOM: god gift: 38 gold pieces
 16342 | Orc:2    | XOM: swap monsters
 16346 | Orc:2    | XOM: mild Pois miscast
 16430 | Orc:1    | XOM: mild Erth miscast
 16459 | Orc:2    | Noticed an orc knight
 16671 | Orc:1    | XOM: polymorph orc -> gnoll
 16774 | Orc:2    | XOM: repel stairs
 16778 | Orc:2    | XOM: chaos cloud
 16781 | Orc:2    | Found a staircase to the Elven Halls.
 16808 | Orc:2    | XOM: swap monsters
 16858 | Orc:1    | XOM: noise
 16913 | Orc:1    | XOM: divination: magic mapping
 17018 | Orc:2    | XOM: scenery: create altars
 17030 | Orc:1    | XOM: summons 6 friendly demons
 17031 | Orc:1    | XOM: scenery: create altars
 17040 | Orc:1    | Killed an orc knight
 17143 | Orc:2    | XOM: give mutations
 17143 | Orc:2    | Gained mutation: You are very agile. (Dex +4) [Xom's grace]
 17143 | Orc:2    | Gained mutation: Your muscles are strong. (Str +2) [Xom's
                  | grace]
 17143 | Orc:2    | Gained mutation: Your flesh is cold resistant. (rC+) [Xom's
                  | grace]
 17143 | Orc:2    | Gained mutation: Your flesh is heat resistant. (rF+) [Xom's
                  | grace]
 17270 | Orc:1    | XOM: mild Necr miscast
 17289 | Orc:2    | XOM: confusion
 17343 | Orc:2    | XOM: severe Conj miscast
 17518 | Orc:1    | XOM: harmless Ice miscast
 17712 | Orc:2    | Noticed an orc knight
 17713 | Orc:2    | XOM is BORED!
 17714 | Orc:2    | XOM: confuse monster(s)
 17730 | Orc:2    | XOM: harmless Tloc miscast
 17732 | Orc:2    | XOM: harmless Necr miscast
 17746 | Orc:1    | Reached skill level 12 in Dodging
 17795 | Orc:1    | XOM: harmless Air miscast
 17823 | Orc:2    | XOM: confuse monster(s)
 18014 | Orc:1    | XOM: scenery: create altars
 18261 | D:11     | XOM: scenery: 3 doors close
 18339 | Orc:1    | XOM: butterfly on damage
 18508 | Orc:1    | Lost mutation: Your flesh is heat resistant. (rF+) [potion
                  | of mutation]
 18508 | Orc:1    | Lost mutation: Your muscles are strong. (Str +2) [potion of
                  | mutation]
 18508 | Orc:1    | Gained mutation: You have a pair of small antennae on your
                  | head. [potion of mutation]
 18541 | Orc:1    | XOM: butterfly on damage
 18815 | Orc:2    | XOM: harmless Ice miscast
 18970 | Orc:1    | XOM: confuse monster(s)
 18973 | Orc:1    | XOM: blink monster(s)
 18981 | Orc:1    | an orc knight changed into a jumping spider
 18981 | Orc:1    | XOM: polymorph orc knight -> jumping spider
 18991 | Orc:1    | Reached skill level 5 in Spellcasting
 19032 | Orc:1    | XOM: give mutations
 19032 | Orc:1    | Gained mutation: You are highly resistant to hostile
                  | enchantments. (MR++) [Xom's grace]
 19032 | Orc:1    | Gained mutation: You have an increased reservoir of magic.
                  | (+10% MP) [Xom's grace]
 19032 | Orc:1    | Gained mutation: Your muscles are strong. (Str +2) [Xom's
                  | grace]
 19096 | Orc:2    | Found Boxodwat's Assorted Antiques.
 19096 | Orc:2    | Found Lyoreref's Magic Scroll Shoppe.
 19102 | Orc:2    | Bought a scroll of fog for 24 gold pieces
 19102 | Orc:2    | Bought a scroll of acquirement for 624 gold pieces
 19102 | Orc:2    | Bought a scroll of identify for 24 gold pieces
 19102 | Orc:2    | Bought a scroll of summoning for 114 gold pieces
 19102 | Orc:2    | Bought a scroll of identify for 24 gold pieces
 19102 | Orc:2    | Bought a scroll of fear for 42 gold pieces
 19102 | Orc:2    | Bought a scroll of silence for 90 gold pieces
 19102 | Orc:2    | Bought a scroll of identify for 24 gold pieces
 19111 | Orc:2    | Bought a scroll labeled SOQOSU IROCVU for 36 gold pieces
 19111 | Orc:2    | Bought 2 scrolls labeled SOQOSU IROCVU for 72 gold pieces
 19111 | Orc:2    | Bought a shimmering platinum amulet for 180 gold pieces
 19111 | Orc:2    | Identified the amulet of Nuczapok {Reflect +Inv +Fly rC-
                  | Int+5 SH+2} (You bought it in a shop on level 2 of the
                  | Orcish Mines)
 19266 | Orc:2    | XOM: god gift: 19 gold pieces
 19370 | Orc:2    | Noticed an orc knight
 19374 | Orc:2    | XOM: enchant monster (good)
 19379 | Orc:2    | Killed an orc knight
 19393 | Orc:2    | Noticed an orc knight
 19662 | Orc:2    | Learned a level 5 spell: Metabolic Englaciation
 19687 | Orc:2    | XOM: butterfly on damage
 19716 | Orc:1    | XOM: summons friendly ufetubus
 19723 | Orc:1    | XOM: potion effect (magic)
 19730 | Orc:1    | XOM: swap monsters
 19741 | Orc:1    | XOM: enchant monster (good)
 19748 | Orc:1    | XOM: summons 11 friendly demons
 19765 | Orc:1    | Killed an orc knight
 20074 | Orc:2    | XOM: butterfly on damage
 20254 | Orc:1    | XOM: give mutations
 20254 | Orc:1    | Lost mutation: Your muscles are strong. (Str +2) [Xom's
                  | mischief]
 20254 | Orc:1    | Lost mutation: You are surrounded by a mild repulsion
                  | field. (EV +2) [Xom's mischief]
 20254 | Orc:1    | Lost mutation: You have a pair of small antennae on your
                  | head. [Xom's mischief]
 20254 | Orc:1    | Lost mutation: Your flesh is cold resistant. (rC+) [Xom's
                  | mischief]
 20260 | Orc:2    | XOM: swap monsters
 20353 | Orc:2    | Killed Urug
 20390 | Orc:2    | XOM: enchant monster (good)
 20704 | Orc:2    | Found a roughly hewn altar of Beogh.
 20711 | Orc:2    | XOM: noise
 20714 | Orc:2    | Found Goerirof's Armour Shop.
 20714 | Orc:2    | Found Reoggaod's Food Shoppe.
 20795 | Orc:2    | Bought a scroll of fear for 126 gold pieces
 20795 | Orc:2    | Bought a scroll of fog for 72 gold pieces
 20848 | D:11     | Mutation became permanent: You are covered in thick fur.
                  | (AC +2) [Felid growth]
 20848 | D:11     | Gained mutation: Your thick and shaggy fur keeps you warm.
                  | (AC +3, rC+) [Felid growth]
 20848 | D:11     | Reached XP level 12. HP: 55/55 MP: 11/23
 20987 | Lair:1   | Entered Level 1 of the Lair of Beasts
 21033 | Lair:1   | You fall into a shaft and drop 1 floor!
 21061 | Lair:2   | XOM: harmless Tmut miscast
 21125 | Lair:2   | XOM: give mutations
 21125 | Lair:2   | Gained mutation: You are partially covered in icy blue
                  | scales. (AC +2) [Xom's grace]
 21125 | Lair:2   | Gained mutation: Your spells are a little harder to cast,
                  | but a little more powerful. [Xom's grace]
 21125 | Lair:2   | Gained mutation: Your flesh is cold resistant. (rC+) [Xom's
                  | grace]
 21143 | Lair:2   | XOM: cast spell 'Alistair's Intoxication'
 21190 | Lair:2   | Noticed a death yak
 21190 | Lair:2   | Noticed a death yak
 21190 | Lair:2   | Noticed a death yak
 21190 | Lair:2   | Noticed a death yak
 21208 | Lair:2   | XOM: harmless Fire miscast
 21431 | Lair:1   | Found an opulent altar of Gozag.
 21449 | Lair:1   | XOM: cloud trail
 21524 | Lair:1   | Noticed an eight-headed hydra
 21576 | Lair:1   | Reached skill level 13 in Dodging
 21624 | Lair:1   | XOM: fog
 21634 | Lair:1   | XOM: polymorph spiny frog -> eye of draining
 21934 | Lair:1   | XOM: destruction
 21937 | Lair:1   | XOM: scenery: create altars
 21983 | Lair:1   | XOM: summons 1 hostile demon
 22203 | Lair:1   | XOM: harmless Chrm miscast
 22249 | Lair:2   | XOM: enchant monster (bad)
 22269 | Lair:1   | XOM: swap monsters
 22288 | Lair:1   | Killed a death yak
 22365 | Lair:2   | Noticed a death yak
 22367 | Lair:2   | Noticed a death yak
 22373 | Lair:2   | XOM: noise
 22411 | Lair:2   | XOM: cleaving
 22426 | Lair:2   | Mangled by a death yak
 22427 | Lair:2   | Reached XP level 11. HP: -7/51 MP: 21/23
 22438 | Lair:2   | XOM: harmless Tloc miscast
 22441 | Lair:2   | Noticed an entropy weaver
 22441 | Lair:2   | a death yak changed into an entropy weaver
 22441 | Lair:2   | XOM: polymorph death yak -> entropy weaver
 22617 | Lair:3   | Noticed an eight-headed hydra
 22626 | Lair:3   | XOM: confuse monster(s)
 22710 | Lair:2   | Demolished by a death yak
 22711 | Lair:2   | Reached XP level 10. HP: -19/48 MP: 21/21
 22726 | Lair:2   | Found a staircase to the Snake Pit.
 22935 | Lair:2   | Noticed a five-headed hydra
 22946 | Lair:2   | Killed a five-headed hydra
 23403 | Lair:2   | XOM: summons friendly crimson imp
 23411 | Lair:2   | Killed an entropy weaver
 23411 | Lair:2   | Reached skill level 10 in Evocations
 23950 | Lair:2   | XOM: god gift: 470 gold pieces
 23960 | Lair:3   | Noticed an elephant
 23962 | Lair:3   | Noticed an elephant
 23963 | Lair:3   | Noticed an elephant
 23964 | Lair:3   | Noticed an elephant
 23981 | Lair:3   | Noticed a spiny frog
 23982 | Lair:3   | Killed an elephant
 23983 | Lair:3   | XOM: 3-stop teleportation journey
 23987 | Lair:3   | Noticed a six-headed hydra
 23989 | Lair:3   | Noticed a black mamba
 23991 | Lair:3   | Reached XP level 11. HP: 51/51 MP: 19/23
 24007 | Lair:3   | XOM: summons friendly quasit
 24009 | Lair:3   | XOM: summons friendly shadow imp
 24013 | Lair:3   | XOM: summons friendly shadow imp
 24022 | Lair:3   | XOM: confuse monster(s)
 24086 | Lair:2   | XOM: scenery: create altars
 24106 | Lair:2   | XOM: butterfly on damage
 24114 | Lair:2   | XOM: summons friendly quasit
 24295 | Lair:3   | XOM: butterfly on damage
 24299 | Lair:3   | Killed a six-headed hydra
 24328 | Lair:3   | XOM: cast spell 'Monstrous Menagerie'
 24566 | Lair:3   | XOM: confuse monster(s)
 24595 | Lair:3   | HP: 1/51 [blink frog (14)]
 24778 | Lair:2   | XOM: divination: magic mapping
 24820 | Lair:2   | XOM: god gift: ration
 24847 | Lair:2   | XOM: god gift: scroll labeled WUVVIM NAOHOR {god gift}
 24857 | Lair:2   | Got a twitching brass ring
 24859 | Lair:2   | Identified the ring of Fohecih {rPois rC+ rCorr Dex+3} (You
                  | acquired it on level 2 of the Lair of Beasts)
 24924 | Lair:3   | XOM: summons 4 friendly demons
 24941 | Lair:3   | XOM: confusion (+ monsters)
 24950 | Lair:3   | XOM: medium Pois miscast
 24956 | Lair:3   | XOM: confusion (+ monsters)
 25044 | Lair:3   | XOM: harmless Ice miscast
 25102 | Lair:3   | Noticed a quicksilver dragon
 25102 | Lair:3   | an eight-headed hydra changed into a quicksilver dragon
 25102 | Lair:3   | XOM: polymorph eight-headed hydra -> quicksilver dragon
 25115 | Lair:3   | XOM: summons 4 friendly demons
 25117 | Lair:3   | XOM: scenery: create altars
 25137 | Lair:3   | Killed a quicksilver dragon
 25402 | Lair:3   | XOM: summons 5 hostile demons
 25417 | Lair:3   | XOM: swap monsters
 25638 | Lair:3   | XOM: confuse monster(s)
 25639 | Lair:3   | XOM: medium Summ miscast
 25641 | Lair:3   | XOM: noise
 25646 | Lair:3   | XOM: god gift: wand of scattershot (4)
 25659 | Lair:2   | XOM: summons friendly white imp
 25725 | Lair:3   | XOM: polymorph yak -> black bear
 25924 | Lair:3   | XOM: cleaving
 25929 | Lair:3   | XOM: summons 2 friendly demons
 25936 | Lair:3   | XOM: silly message
 26240 | Lair:3   | Noticed a death yak
 26242 | Lair:3   | Noticed a death yak
 26242 | Lair:3   | Noticed a death yak
 26242 | Lair:3   | Noticed a death yak
 26243 | Lair:3   | Noticed a death yak
 26249 | Lair:3   | XOM: divination: magic mapping
 26253 | Lair:3   | XOM: enchant monster (bad)
 26304 | Lair:3   | XOM: 4-stop teleportation journey
 26639 | Lair:3   | Killed a death yak
 26639 | Lair:3   | Reached XP level 12. HP: 55/55 MP: 21/24
 26644 | Lair:3   | Killed a death yak
 26644 | Lair:3   | Noticed a death yak
 26645 | Lair:3   | Noticed a minotaur
 26645 | Lair:3   | a death yak changed into a minotaur
 26645 | Lair:3   | XOM: polymorph death yak -> minotaur
 26669 | Lair:3   | XOM: enchant monster (good)
 26674 | Lair:3   | HP: 2/55 [minotaur (30)]
 26674 | Lair:3   | XOM: butterfly on damage
 26674 | Lair:3   | Mangled by a minotaur

Levels and vault maps discovered:
D:1:      scummos_arrival_hexagon, layout_loops_ring, kennysheep_boxes
D:2:      layout_loops_ring
D:3:      layout_loops_ring, minmay_misc_feat_pillars, uniq_natasha
D:4:      layout_rooms, minmay_temple_entry_arrows, uniq_grinder, uniq_ijyb
D:5:      layout_cave_pools, first_ration, serial_column_ruins,
          column_ruins_columns_corner, column_ruins_open_small,
          column_ruins_columns_dead_end, column_ruins_grid_1,
          column_ruins_grid_1, column_ruins_open_large, column_ruins_columns_T
D:6:      layout_basic
D:7:      layout_basic, ldierk_geyser
D:8:      lemuel_ice_statue, layout_gridville, grunt_lair_entry_orc_guard_hut,
          blue_anna_alchemist [blue_anna_fruit_fields, blue_anna_fruit_fields],
          hangedman_misty_isle, uniq_maurice, uniq_grum
D:9:      layout_stronghold, nemelex_xobeh_ov_fountains_minmay
D:10:     layout_rooms, nicolae_dithmenos_the_darkroom
D:11:     layout_roguey, orc_0_dummy
D:12:     layout_cave_pools
Lair:1:   layout_chaotic_city, basic_altar, columned_hall_lemuel
Lair:2:   layout_small_grid, dummy_snake_entry
Lair:3:   layout_misc_corridors, chequers_serial_rivers_room_a,
          serial_bayou_shore_a, grunt_megastairs_1
Orc:1:    layout_diamond_mine, enter_volcano_2
Orc:2:    st_orc_town, layout_caves, uniq_urug

Skill      XL: |  1  2  3  4  5  6  7  8  9 10 11 12 |
---------------+-------------------------------------+-----
Dodging        | 4 6 7 8 10 11 12 13 | 13.0
Unarmed Combat | 4 5 7 8 9 10 11 | 11.7
Evocations     | 2 4 5 10 12 8 | 12.0
Fighting       | 4 6 7 8 |  8.0
Spellcasting   | 3 5 6 |  6.0
Hexes          | 4 9 |  9.3
Transmutations | 2 |  2.0
Earth Magic    | 2 3 |  3.0
Stealth        | 2 |  2.0

Action                   |  1- 3 |  4- 6 |  7- 9 | 10-12 || total
-------------------------+-------+-------+-------+-------++-------
Melee: Unarmed           |    89 |   290 |   474 |  1122 ||  1975
       Bite              |     5 |    25 |    45 |   131 ||   206
       Punch             |       |     5 |    11 |    66 ||    82
 Cast: Confuse           |       |       |       |    92 ||    92
       Confusing Touch   |       |       |       |    22 ||    22
 Abil: Evoke Invisibilit |       |       |       |     5 ||     5
Evoke: Box of beasts     |       |     2 |       |     2 ||     4
       Wand              |       |     4 |    14 |    22 ||    40
       Lamp of fire      |       |       |       |     1 ||     1
       Phantom mirror    |       |       |       |     1 ||     1
  Use: Potion            |       |     1 |       |     7 ||     8
       Scroll            |       |     3 |     5 |    21 ||    29
 Stab: Sleeping          |     4 |     7 |     3 |    11 ||    25
       Confused          |       |     1 |     3 |    73 ||    77
       Paralysed         |       |       |     2 |       ||     2
       Distracted        |       |       |     1 |     2 ||     3
       Invisible         |       |       |       |    19 ||    19
       Petrified         |       |       |       |     3 ||     3
       Petrifying        |       |       |       |     1 ||     1
  Eat: Chunk             |     9 |    12 |    11 |    42 ||    74
Armor: Skin              |     2 |    16 |    37 |    69 ||   124
Dodge: Dodged            |    69 |   216 |   529 |  1225 ||  2039
Block: Other             |       |       |       |    28 ||    28

Table legend:
 A = Non-vault XP
 B = Vault XP
 C = Vault XP percentage of total XP
 D = Non-vault monster count
 E = Vault monster count
 F = Vault count percentage of total count
                 A         B        C        D         E       F
            +---------+---------+-------+---------+---------+-------
      Total |   32063 |   10022 |  23.8 |     364 |      82 |  18.4
            +---------+---------+-------+---------+---------+-------
        D:1 |      23 |       0 |   0.0 |      13 |       0 |   0.0
        D:2 |     187 |       0 |   0.0 |      33 |       0 |   0.0
        D:3 |     299 |      36 |  10.7 |      36 |       1 |   2.7
        D:4 |     312 |     213 |  40.6 |      22 |       2 |   8.3
        D:5 |     311 |       0 |   0.0 |      16 |       0 |   0.0
        D:6 |     409 |       0 |   0.0 |      15 |       0 |   0.0
        D:7 |    1040 |     310 |  23.0 |      27 |       3 |  10.0
        D:8 |    1244 |    2242 |  64.3 |      22 |      15 |  40.5
        D:9 |     791 |       0 |   0.0 |      27 |       0 |   0.0
       D:10 |    2417 |       0 |   0.0 |      21 |       0 |   0.0
       D:11 |    2760 |       0 |   0.0 |      23 |       0 |   0.0
     Lair:1 |    2365 |       0 |   0.0 |       9 |       0 |   0.0
     Lair:2 |    4867 |       0 |   0.0 |      16 |       0 |   0.0
     Lair:3 |   11830 |     681 |   5.4 |      37 |       4 |   9.8
      Orc:1 |    1931 |    2597 |  57.4 |      23 |      16 |  41.0
      Orc:2 |    1277 |    3943 |  75.5 |      24 |      41 |  63.1
            +---------+---------+-------+---------+---------+-------
